 Dungeon Crawl Stone Soup version 0.27-a0-1046-g98bf31544f (webtiles) character file.

Game seed: 11553523200187728239

265 Morbidden the Ruffian (level 5, -10/53 HPs)
             Began as a Troll Monk on Apr 19, 2021.
             Blown up by Ijyb (27 damage)
             ... with a mindburst bolt
             ... on level 3 of the Dungeon.
             The game lasted 00:02:25 (1697 turns).

Morbidden the Ruffian (Troll Monk)                  Turns: 1697, Time: 00:02:26

Health: -10/53     AC:  4    Str: 19    XL:     5   Next: 99%
Magic:  5/5        EV: 10    Int:  7    God:
Gold:   53         SH:  0    Dex: 12    Spells: 6/6 levels left

rFire    . . .     SeeInvis .     - Unarmed
rCold    . . .     Faith    .   (no shield)
rNeg     . . .     Spirit   .   a - +0 robe
rPois    .         Reflect  .   (helmet restricted)
rElec    .         Harm     .   (no cloak)
rCorr    .         Rampage  .   (gloves unavailable)
Will     .....                  (boots unavailable)
Stlth    ++........             (no amulet)
HPRegen  1.17/turn              (no ring)
MPRegen  0.09/turn              (no ring)

@: invisible
A: large, unfitting armour, claws 3, regeneration 1, shaggy fur 1, tough skin 1
a: no special abilities


You were on level 3 of the Dungeon.
You visited 1 branch of the dungeon, and saw 3 of its levels.

You collected 53 gold pieces.

Inventory:

Hand Weapons
 q - a +0 hunting sling
Missiles
 i - 2 atropa-tipped darts
 j - 108 stones (quivered)
Armour
 a - a +0 robe (worn)
Jewellery
 k - an amulet of guardian spirit
 o - an amulet of magic regeneration
Scrolls
 d - 2 scrolls of teleportation {unknown}
 g - a scroll of brand weapon {unknown}
 l - a scroll of immolation {unknown}
 m - a scroll of blinking {unknown}
 n - a scroll of acquirement {unknown}
 p - a scroll of fear {unknown}
Potions
 c - a potion of attraction
 e - a potion of curing
 f - a potion of might {unknown}
 h - a potion of haste {unknown}


   Skills:
 * Level 3.2 Fighting
 + Level 0.7 Throwing
 * Level 3.5 Dodging
 + Level 1.2 Stealth
 + Level 4.4 Unarmed Combat
 * Level 1.0 Spellcasting


You had 6 spell levels left.
You didn't know any spells.
Your spell library was empty.

Dungeon Overview and Level Annotations

Branches:
Dungeon (3/15)

Altars:

Annotations:
D:2 1 runed translucent door, Crazy Yiuf
D:3 Ijyb


Innate Abilities, Weirdness & Mutations

You are too large for most types of armour.
You have claws for hands.
Your natural rate of healing is unusually fast.
You are covered in fur. (AC +1)
You have tough skin. (AC +1)


Message History

Ijyb zaps a wand.
You barely resist.
The goblin unwields a +0 hunting sling.
The goblin wields a +0 club.
The goblin hits you with a +0 club.
You closely miss the goblin. The goblin misses you.
You scratch the goblin.
The goblin is heavily wounded.
The goblin hits you with a +0 club.
You scratch the goblin.
The goblin is severely wounded.
You closely miss the goblin.
The goblin is severely wounded.
The goblin hits you with a +0 club.
Ijyb zaps a wand.
Your mind is blasted!
You scratch the goblin.
You kill the goblin!
Ijyb zaps a wand.
Your mind is blasted!
You scratch Ijyb.
Ijyb is lightly wounded.
Ijyb hits you but does no damage.
You scratch Ijyb but do no damage.
Ijyb is lightly wounded.
Ijyb hits you with a +0 club.
You barely miss Ijyb.
Ijyb is lightly wounded.
Ijyb hits you with a +0 club.
You scratch Ijyb but do no damage.
Ijyb is lightly wounded.
Ijyb zaps a wand.
Your mind is blasted!
* * * LOW HITPOINT WARNING * * *
You are too injured to fight recklessly!
You claw Ijyb!
Ijyb is heavily wounded.
You closely miss Ijyb.
Ijyb is heavily wounded.
Ijyb closely misses you.
Unknown command.
Unknown command.
It was a potion of invisibility.
You fade into invisibility!
Ijyb zaps a wand.
Your mind is blasted!
Ouch! That really hurt!
You die...

#≈≈..#..)#.))..#...#
#≈≈..#...#.....#...#
#≈≈..#...#.....#...#
#≈≈..##'##.....##'##
#≈≈...#............#
#≈≈...#............#
#≈≈...##########...#
#≈≈#####.....†.#...#
#≈≈ +.....g@'...#
#≈≈ #.....).'...#
#############


You could see Ijyb (resistant).

Vanquished Creatures
  Sigmund (D:2)
  A gnoll (D:1)
  A howler monkey skeleton (D:2)
  2 adders (D:2)
  2 dart slugs (D:1)
  4 bats (D:2)
  4 endoplasms
  4 giant cockroaches (D:1)
  10 goblins
  2 hobgoblins (D:1)
  9 jackals
  A quokka (D:2)
  4 ball pythons
  5 frilled lizards
  8 kobolds
  5 rats
63 creatures vanquished.

Notes
Turn   | Place    | Note
-------+----------+-------------------------------------------
     0 | D:1      | Morbidden the Troll Monk began the quest for the Orb.
     0 | D:1      | Reached XP level 1. HP: 22/22 MP: 0/0
   114 | D:1      | Found a faded altar of an unknown god.
   121 | D:1      | Reached XP level 2. HP: 29/29 MP: 1/1
   212 | D:1      | Reached XP level 3. HP: 36/36 MP: 2/2
   992 | D:2      | Reached XP level 4. HP: 44/44 MP: 3/3
  1237 | D:2      | Noticed Sigmund
  1253 | D:2      | HP: 1/44 [something (9)]
  1258 | D:2      | Killed Sigmund
  1259 | D:2      | Reached skill level 4 in Unarmed Combat
  1259 | D:2      | Reached skill level 1 in Spellcasting
  1259 | D:2      | Reached XP level 5. HP: 3/53 MP: 3/5
  1312 | D:2      | Found a runed translucent door.
  1313 | D:2      | Noticed Crazy Yiuf
  1681 | D:3      | Noticed Ijyb
  1697 | D:3      | Blown up by Ijyb

Illustrated notes

Levels and vault maps discovered:
D:1:      eino_arrival_cavern_a, layout_loops_ring,
          hellmonk_ecumenical_altar_crossroads, minmay_misc_feat_tower
D:2:      layout_basic, uniq_crazy_yiuf_cottage, uniq_sigmund
D:3:      kennysheep_goblin_castle, layout_basic, vehumet_statue,
          interstate_on_off, minmay_ruptured

Skill      XL: |  1  2  3  4 |
---------------+-------------+-----
Dodging        | 3 |  3.5
Fighting       | 3 |  3.2
Unarmed Combat | 4 |  4.4
Spellcasting   | 1 |  1.0
Throwing       | |  0.7
Stealth        | |  1.2

Action                   |  1- 3 |  4- 6 || total
-------------------------+-------+-------++-------
Melee: Unarmed           |   108 |    51 ||   159
       Punch             |     1 |     1 ||     2
Throw: Stone             |    20 |       ||    20
  Use: Potion            |       |     5 ||     5
 Stab: Sleeping          |       |     5 ||     5
Armor: Robe              |    34 |    19 ||    53
Dodge: Dodged            |    56 |    21 ||    77

Table legend: (Time is in decaauts)
 A = Elapsed time spent in this place.
 B = Non-inter-level travel time spent in this place.
 C = Inter-level travel time spent in this place.
 D = Time resting spent in this place.
 E = Time spent auto-exploring this place.
 F = Levels seen in this place.
 G = Mean time per level.
                   A        B        C        D        E       F      G
               +--------+--------+--------+--------+--------+-----+--------+
         Total |   1688 |   1647 |     41 |     27 |   1250 |   3 |  562.7 |
       Dungeon |   1688 |   1647 |     41 |     27 |   1250 |   3 |  562.7 |
               +--------+--------+--------+--------+--------+-----+--------+

Top non-repeatable levels by time:
     D:2: 773 daAuts
     D:1: 745 daAuts
     D:3: 169 daAuts
